Map: Flooded City

Players

NeO

  • Race: Terran Terran
  • League: Diamond
  • Spawn Location: 6:00

Isa

  • Race: Terran Terran
  • League: Master
  • Spawn Location: 6:00

Yata

  • Race: Zerg Zerg
  • League: Silver
  • Spawn Location: 12:00

Myhome

  • Race: Terran Terran
  • League: Diamond
  • Spawn Location: 12:00

VOD

Have the link to the VOD?

Description

Time

  • Played on: Aug. 26, 2017, 8:04 p.m.
  • Length: 4:26
Show
View Real Time Build Order
Export as new Build Order

NeO Terran 

Build Orders:  

Get SALT Encoding   

  12  0:00  SCV  
  13  0:13  SCV  
  14  0:19  Supply Depot  
  14  0:25  SCV  
  15  0:31  Refinery  
  15  0:42  Barracks  
  15  0:45  SCV  
  16  0:57  SCV  
  17  1:04  Barracks  
  17  1:10  SCV  
  18  1:21  Supply Depot  
  18  1:22  SCV  
  19  1:29  Reaper  
  20  1:37  Refinery  
  21  1:46  Orbital Command  
  20  1:51  Reaper  
  21  2:01  Reaper  
  22  2:13  SCV  
  23  2:23  Reaper  
  23  2:25  SCV  
  25  2:33  Reaper  
  26  2:37  SCV  
  27  2:57  Command Center  
  29  3:14  Barracks Tech Lab  
  27  3:20  Barracks Reactor  
  27  4:00  Marine x3  
  30  4:05  SCV  
  30  4:08  Factory  
Show
View Real Time Build Order
Export as new Build Order

Isa Terran 

Build Orders:  

Get SALT Encoding   

  12  0:00  SCV  
  13  0:12  SCV  
  14  0:18  Supply Depot  
  14  0:25  SCV  
  15  0:40  SCV  
  15  0:41  Barracks  
  16  0:44  Refinery  
  16  0:52  SCV  
  17  1:00  Barracks  
  17  1:04  SCV  
  18  1:16  SCV  
  19  1:30  Reaper  
  19  1:31  Orbital Command  
  20  1:38  Supply Depot  
  20  1:44  Refinery  
  20  1:48  Reaper  
  21  1:57  SCV  
  22  2:05  Reaper  
  23  2:11  SCV  
  24  2:23  SCV  
  24  2:24  Reaper  
  26  2:43  SCV  
  27  2:49  Factory, Command Center  
  27  2:50  Reaper  
  28  2:55  SCV  
  28  2:56  Supply Depot  
  28  2:57  Barracks Reactor  
  29  3:07  SCV  
  30  3:26  SCV  
  31  3:30  Barracks Tech Lab  
  31  3:36  Marine x2  
  31  3:37  Factory Tech Lab  
  33  3:49  SCV, Starport  
  33  3:53  Marine  
  33  3:54  Marine  
  36  4:01  Marine  
  40  4:12  SCV  
Show
View Real Time Build Order
Export as new Build Order

Yata Zerg 

Build Orders: Hatch First 

Get SALT Encoding   

  12  0:03  Drone  
  13  0:15  Overlord  
  13  0:19  Drone  
  14  0:36  Drone x2  
  14  0:37  Drone  
  17  0:58  Hatchery  
  17  1:02  Drone  
  17  1:03  Drone  
  18  1:17  Extractor  
  17  1:19  Spawning Pool  
  17  1:22  Drone  
  17  1:25  Drone  
  18  1:32  Drone  
  19  1:43  Drone  
  20  2:02  Overlord  
  20  2:08  Queen  
  22  2:10  Queen  
  22  2:11  Zergling x2  
  22  2:12  Zergling x2  
  26  2:17  Metabolic Boost  
  26  2:25  Drone  
  28  2:30  Drone x2  
  28  2:45  Zergling x2  
  28  2:46  Zergling x6  
  31  2:52  Queen  
  34  2:58  Zergling x4  
  35  3:12  Zergling x2  
  29  3:41  Drone x3  
  29  3:42  Drone  
Show
View Real Time Build Order
Export as new Build Order

Myhome Terran 

Build Orders: Reaper Expand 

Get SALT Encoding   

  12  0:01  SCV  
  13  0:13  SCV  
  14  0:18  Supply Depot  
  14  0:25  SCV  
  15  0:40  SCV  
  15  0:41  Barracks  
  16  0:52  Refinery, SCV  
  17  1:04  SCV  
  18  1:16  SCV  
  19  1:28  Orbital Command  
  19  1:38  Reaper  
  20  1:54  Command Center  
  20  1:59  SCV  
  21  2:12  Barracks  
  21  2:16  SCV  
  21  2:18  Factory  
  19  2:46  Reaper  
  14  3:21  Orbital Command  
  13  3:33  Orbital Command  
  13  3:50  Barracks  
  13  3:55  SCV  
  14  4:09  SCV x2  
Tags
 
Add a new tag
Caveats
  • Supply blocks, unpowered buildings, or Contaminate may cause inaccurate times.
  • Supply counts are checked every 10 seconds.